Blackhawks vs Panthers
Created - January 23, 2020 at 19:00
Goals
|
Blackhawks |
0 |
1 |
0 |
1 |
Panthers |
2 |
2 |
1 |
5 |
|
Shots
|
Blackhawks |
15 |
10 |
9 |
34 |
Panthers |
17 |
6 |
11 |
34 |
|
1st period
1. Panthers , Jonathan Sigalet 1 (Chad Larose 7, Kyle Clifford 16) at 4:59
2. Panthers , David Booth 10 (Kyle Wellwood 11, Christian Ehrhoff 8) at 9:15
Penalties :
Stephen Weiss (Flo) for Tripping (Minor) at 1:36, Mike Green (Chi) for Slashing (Minor) at 11:33, Matt Irwin (Flo) for Holding (Minor) at 19:32
2nd period
3. Blackhawks , Antoine Roussel 14 (John Carlson 30, Brandon Yip 2) at 2:44 (PP)
4. Panthers , Drew Stafford 6 (David Booth 8, Erik Gudbranson 11) at 12:14
5. Panthers , Matt Duchene 24 (Marek Svatos 15, Alex Galchenyuk 24) at 17:23 (PP)
Penalties :
Daniel Paille (Flo) for Hooking (Minor) at 2:07, Gabriel Bourque (Chi) for Hooking (Minor) at 5:50, Matt Irwin (Flo) for Hooking (Minor) at 12:38, John Carlson (Chi) for Holding Stick (Minor) at 17:11, Erik Christensen (Chi) for Hooking (Minor) at 18:11
3rd period
6. Panthers , Kyle Clifford 9 (Chad Larose 8, Stephen Weiss 12) at 5:32
Penalties :
No Penalty
Goalie Stats
Jimmy Howard (Chi), 29 saves from 34 shots - (0.853), L, 18-11-4, 60:00 minutes
Braden Holtby (Flo), 33 saves from 34 shots - (0.971), W, 5-6-1, 60:00 minutes
Players Stats for Blackhawks
Player Name G A P +/- PIM S H SB GA TA FO MP PP MP PK MP
------------------------------------------------------------------------------------
Antoine Roussel 1 0 1 -2 0 2 1 0 1 0 0/0 15:49 2:53 0:16
Bobby Ryan 0 0 0 -2 0 0 0 0 0 0 0/0 12:54 0:07 0:00
Brandon Yip 0 1 1 -1 0 1 0 0 0 1 2/2 13:32 2:53 1:19
Chris Kreider 0 0 0 -1 0 3 3 0 0 0 2/6 23:48 3:34 3:18
David Jones 0 0 0 0 0 3 1 0 0 0 0/0 7:55 0:00 0:00
Derick Brassard 0 0 0 -1 0 3 0 1 2 0 9/28 20:38 3:41 0:00
Erik Christensen 0 0 0 -1 2 1 1 0 0 0 4/6 9:38 0:00 0:00
Gabriel Bourque 0 0 0 0 2 3 1 0 0 0 0/0 8:35 0:00 0:35
John Carlson 0 1 1 -2 2 4 0 3 1 0 0/0 24:35 4:00 0:00
Justin Falk 0 0 0 -1 0 3 1 3 0 0 0/0 14:29 0:00 2:22
Matthew Spiller 0 0 0 -1 0 2 2 1 0 0 0/0 18:16 0:00 3:47
Michael Latta 0 0 0 0 0 2 1 0 0 0 0/1 9:34 0:00 1:35
Mike Green 0 0 0 -2 2 0 0 2 2 4 0/0 24:39 4:00 0:00
Rick Nash 0 0 0 -1 0 3 2 0 0 2 0/0 20:31 3:34 0:00
Scott Gomez 0 0 0 -2 0 1 2 0 1 0 2/14 19:11 2:53 3:24
Seth Jones 0 0 0 -1 0 1 1 1 0 0 0/0 17:08 2:34 2:22
Tomas Fleischmann 0 0 0 -1 0 2 0 1 0 1 0/0 11:40 0:07 1:51
Tyler Cuma 0 0 0 -1 0 0 1 1 1 0 0/0 20:55 2:34 3:47
Players Stats for Panthers
Player Name G A P +/- PIM S H SB GA TA FO MP PP MP PK MP
------------------------------------------------------------------------------------
Alex Galchenyuk 0 1 1 0 0 4 1 1 1 0 0/2 20:12 3:25 0:27
Brandon Gormley 0 0 0 0 0 0 0 0 1 1 0/0 23:05 3:28 2:46
Chad Larose 0 2 2 2 0 1 4 0 0 0 0/1 16:37 0:09 4:11
Christian Ehrhoff 0 1 1 1 0 0 0 0 0 0 0/0 14:34 0:00 1:51
Daniel Paille 0 0 0 0 2 0 1 0 0 0 0/0 8:07 0:09 0:00
David Booth 1 1 2 2 0 1 1 0 0 0 0/0 10:27 0:00 0:00
Drew Stafford 1 0 1 2 0 3 0 1 1 0 0/0 15:15 2:35 1:56
Erik Gudbranson 0 1 1 3 0 3 3 2 2 1 0/0 30:11 3:28 3:48
Jonathan Matsumoto 0 0 0 0 0 0 2 0 0 0 2/3 10:08 0:00 1:56
Jonathan Sigalet 1 0 1 3 0 2 0 2 2 2 0/0 27:42 2:41 3:48
Kyle Clifford 1 1 2 2 0 5 1 0 0 2 0/0 15:02 2:35 0:00
Kyle Wellwood 0 1 1 2 0 3 1 1 0 0 6/13 14:38 0:00 4:11
Marek Svatos 0 1 1 0 0 1 1 2 1 0 1/1 20:00 3:25 0:27
Matt Duchene 1 0 1 0 0 8 2 0 0 0 23/29 19:45 3:34 0:00
Matt Irwin 0 0 0 1 4 0 1 1 0 0 0/0 19:39 2:41 0:00
Patrick Eaves 0 0 0 0 0 1 0 1 0 1 0/0 7:56 0:00 0:00
Stephen Weiss 0 1 1 2 2 2 2 0 0 0 6/8 15:02 2:35 0:00
Steve Montador 0 0 0 0 0 0 0 0 0 1 0/0 5:02 0:00 0:55
3 Stars
1 - Braden Holtby (Flo)
2 - David Booth (Flo)
3 - Kyle Clifford (Flo)
Power Play
Blackhawks - 1 on 4 Attempt(s) - 25.00%
Panthers - 1 on 4 Attempt(s) - 25.00%
Penalty Kill
Blackhawks - 3 on 4 Attempt(s) - 75.00%
- Score 0 goal in Penalty Kill
Panthers - 3 on 4 Attempt(s) - 75.00%
- Score 0 goal in Penalty Kill
Team Stat
Blackhawks - Hits : 17 - Faceoff Wins : 19 - Blocked Shots : 13 - Penalty Minutes : 8
Panthers - Hits : 20 - Faceoff Wins : 38 - Blocked Shots : 11 - Penalty Minutes : 8
Official
Referees : Unknown
Linesman : Unknown
Game Notes
Steve Montador is injured at 14:55 of 1st period (Head)
Matt Irwin is injured at 18:11 of 3rd period (Right Eye)
Finance
Level 1 -- Attendance: 4827 (80.45%) -- Ticket Income $569,586
Level 2 -- Attendance: 4130 (82.60%) -- Ticket Income $284,970
Level 3 -- Attendance: 1491 (74.55%) -- Ticket Income $65,604
Level 4 -- Attendance: 3096 (77.40%) -- Ticket Income $99,072
Luxury Box -- Attendance: 790 (79.00%) -- Ticket Income $154,050
Game was played at the Bank Atlantic Cente.
Total Attendance: 14334 (79.63%)
Total Ticket Income: $1,173,282
Other Income: $175,992
Total Income: $1,349,274
Blackhawks
5 vs 5 Forward
Center Left Wing Right Wing Time % Phy DF OF
1 Derick Brassard Chris Kreider Rick Nash 40 1 2 2
2 Scott Gomez Antoine Roussel Bobby Ryan 30 1 2 2
3 Erik Christensen Tomas Fleischmann Brandon Yip 20 1 2 2
4 Michael Latta Gabriel Bourque David Jones 10 1 2 2
5 vs 5 Defense
Defense Defense Time % Phy DF OF
1 John Carlson Mike Green 40 1 2 2
2 Tyler Cuma Matthew Spiller 30 1 2 2
3 Seth Jones Justin Falk 20 1 2 2
4 John Carlson Mike Green 10 1 2 2
PowerPlay Forward
Center Left Wing Right Wing Time % Phy DF OF
1 Derick Brassard Chris Kreider Rick Nash 60 1 2 2
2 Scott Gomez Antoine Roussel Brandon Yip 40 1 2 2
PowerPlay Defense
Defense Defense Time % Phy DF OF
1 John Carlson Mike Green 60 1 2 2
2 Tyler Cuma Seth Jones 40 1 2 2
Penalty Kill 4 Players Forward
Center Wing Time % Phy DF OF
1 Scott Gomez Chris Kreider 60 1 2 2
2 Michael Latta Tomas Fleischmann 40 1 2 2
Penalty Kill 4 Players Defense
Defense Defense Time % Phy DF OF
1 Tyler Cuma Matthew Spiller 60 1 2 2
2 Seth Jones Justin Falk 40 1 2 2
Penalty Kill - 3 Players Forward
Forward Time % Phy DF OF
1 Scott Gomez 60 1 2 2
2 Derick Brassard 40 1 2 2
Penalty Kill - 3 Players Defense
Defense Defense Time % Phy DF OF
1 Mike Green John Carlson 60 1 2 2
2 Seth Jones Justin Falk 40 1 2 2
4 vs 4 Forward
Center Wing Time % Phy DF OF
1 Derick Brassard Chris Kreider 60 1 2 2
2 Scott Gomez Rick Nash 40 1 2 2
4 vs 4 Defense
Defense Defense Time % Phy DF OF
1 Mike Green John Carlson 60 1 2 2
2 Tyler Cuma Seth Jones 40 1 2 2
Last Minutes Offensive
Center Left Wing Right Wing Defense Defense
Derick Brassard Chris Kreider Rick Nash Mike Green John Carlson
Last Minutes Defensive
Center Left Wing Right Wing Defense Defense
Derick Brassard Chris Kreider Rick Nash Mike Green John Carlson
Goaltenders
Starting : Jimmy Howard
Backup : Ray Emery
Extra Forwards
Normal : Tomas Fleischmann, Brandon Yip, David Jones - PP : Tomas Fleischmann, Brandon Yip - PK : Brandon Yip
Extra Defensemen
Normal : Seth Jones, Justin Falk, John Carlson - PP : Matthew Spiller - PK : John Carlson, Seth Jones
Penalty Shots
Derick Brassard, Rick Nash, Chris Kreider, Mike Green, Antoine Roussel
Scratches
None
Panthers
5 vs 5 Forward
Center Left Wing Right Wing Time % Phy DF OF
1 Matt Duchene Alex Galchenyuk Marek Svatos 40 0 2 3
2 Stephen Weiss Kyle Clifford Chad Larose 30 0 2 3
3 Kyle Wellwood David Booth Drew Stafford 20 0 3 2
4 Jonathan Matsumoto Daniel Paille Patrick Eaves 10 1 2 2
5 vs 5 Defense
Defense Defense Time % Phy DF OF
1 Erik Gudbranson Jonathan Sigalet 40 0 2 3
2 Brandon Gormley Steve Montador 30 0 2 3
3 Matt Irwin Christian Ehrhoff 20 0 3 2
4 Erik Gudbranson Brandon Gormley 10 0 2 3
PowerPlay Forward
Center Left Wing Right Wing Time % Phy DF OF
1 Matt Duchene Alex Galchenyuk Marek Svatos 60 0 1 4
2 Stephen Weiss Kyle Clifford Drew Stafford 40 0 1 4
PowerPlay Defense
Defense Defense Time % Phy DF OF
1 Erik Gudbranson Brandon Gormley 60 0 2 3
2 Jonathan Sigalet Matt Irwin 40 0 2 3
Penalty Kill 4 Players Forward
Center Wing Time % Phy DF OF
1 Kyle Wellwood Chad Larose 60 1 3 1
2 Jonathan Matsumoto Drew Stafford 40 1 3 1
Penalty Kill 4 Players Defense
Defense Defense Time % Phy DF OF
1 Erik Gudbranson Jonathan Sigalet 60 1 4 0
2 Steve Montador Brandon Gormley 40 1 4 0
Penalty Kill - 3 Players Forward
Forward Time % Phy DF OF
1 Chad Larose 60 1 3 1
2 Drew Stafford 40 1 3 1
Penalty Kill - 3 Players Defense
Defense Defense Time % Phy DF OF
1 Erik Gudbranson Jonathan Sigalet 60 1 4 0
2 Steve Montador Brandon Gormley 40 1 4 0
4 vs 4 Forward
Center Wing Time % Phy DF OF
1 Matt Duchene Alex Galchenyuk 60 0 2 3
2 Stephen Weiss Kyle Clifford 40 0 2 3
4 vs 4 Defense
Defense Defense Time % Phy DF OF
1 Erik Gudbranson Brandon Gormley 60 0 2 3
2 Steve Montador Jonathan Sigalet 40 1 2 2
Last Minutes Offensive
Center Left Wing Right Wing Defense Defense
Matt Duchene Alex Galchenyuk Marek Svatos Erik Gudbranson Brandon Gormley
Last Minutes Defensive
Center Left Wing Right Wing Defense Defense
Kyle Wellwood Kyle Clifford Chad Larose Erik Gudbranson Jonathan Sigalet
Goaltenders
Starting : Braden Holtby
Backup : Petr Mrazek
Extra Forwards
Normal : Kyle Clifford, Alex Galchenyuk, Matt Duchene - PP : Kyle Clifford, Alex Galchenyuk - PK : Marek Svatos
Extra Defensemen
Normal : Matt Irwin, Brandon Gormley, Erik Gudbranson - PP : Matt Irwin - PK : Brandon Gormley, Jonathan Sigalet
Penalty Shots
Alex Galchenyuk, Kyle Wellwood, Kyle Clifford, David Booth, Matt Duchene
Scratches
Travis Zajac (Right Ankle Injury)
% Time on Ice - Blackhawks
Lines # - Real PCT - Wanted PCT - Time Play
Normal Forward
1 - 36% - 40% - 17:15
2 - 27% - 30% - 12:40
3 - 20% - 20% - 9:27
4 - 17% - 10% - 7:55
Normal Defense
1 - 41% - 40% - 19:33
2 - 30% - 30% - 14:23
3 - 25% - 20% - 11:40
4 - 4% - 10% - 1:41
PP Forward
1 - 56% - 60% - 3:41
2 - 44% - 40% - 2:53
PP Defense
1 - 61% - 60% - 4:00
2 - 39% - 40% - 2:34
PK Forward
1 - 75% - 60% - 4:37
2 - 25% - 40% - 1:32
PK Defense
1 - 62% - 60% - 3:47
2 - 38% - 40% - 2:22
PK3 Forward
1 - 0% - 60%
2 - 0% - 40%
PK3 Defense
1 - 0% - 60%
2 - 0% - 40%
44 Forward
1 - 0% - 60%
2 - 0% - 40%
44 Defense
1 - 0% - 60%
2 - 0% - 40%
Last Minute Offensive - 0:00
Last Minute Defensive - 0:00
Total
Forward - 60:00
Defense - 60:00
|
% Time on Ice - Panthers
Lines # - Real PCT - Wanted PCT - Time Play
Normal Forward
1 - 34% - 40% - 16:11
2 - 27% - 30% - 12:43
3 - 22% - 20% - 10:27
4 - 17% - 10% - 7:56
Normal Defense
1 - 41% - 40% - 19:21
2 - 38% - 30% - 17:50
3 - 19% - 20% - 8:58
4 - 2% - 10% - 1:08
PP Forward
1 - 58% - 60% - 3:34
2 - 42% - 40% - 2:35
PP Defense
1 - 56% - 60% - 3:28
2 - 44% - 40% - 2:41
PK Forward
1 - 71% - 60% - 4:38
2 - 29% - 40% - 1:56
PK Defense
1 - 58% - 60% - 3:48
2 - 42% - 40% - 2:46
PK3 Forward
1 - 0% - 60%
2 - 0% - 40%
PK3 Defense
1 - 0% - 60%
2 - 0% - 40%
44 Forward
1 - 0% - 60%
2 - 0% - 40%
44 Defense
1 - 0% - 60%
2 - 0% - 40%
Last Minute Offensive - 0:00
Last Minute Defensive - 0:00
Total
Forward - 60:00
Defense - 60:00
|
Play-by-Play
1st period
0:01 of 1st period - Matt Duchene wins face-off versus Derick Brassard in neutral zone.
0:34 of 1st period - Snap shot by Kyle Clifford.
0:34 of 1st period - Stopped by Jimmy Howard with a rebound.
0:36 of 1st period - Snap shot by Kyle Clifford.
0:36 of 1st period - Deflect By Stephen Weiss.
0:36 of 1st period - Stopped by Jimmy Howard with a rebound.
1:15 of 1st period - Wrist shot by Matt Irwin.
1:15 of 1st period - Shot Misses the Net.
1:36 of 1st period - Minor Penalty to Stephen Weiss for Tripping.
1:37 of 1st period - Derick Brassard wins face-off versus Kyle Wellwood in Panthers zone.
1:39 of 1st period - Slapshot by Chris Kreider.
1:39 of 1st period - Shot Blocked by Erik Gudbranson.
2:24 of 1st period - Mike Green is hit by Kyle Wellwood and loses puck.
2:46 of 1st period - Icing by Mike Green.
2:47 of 1st period - Kyle Wellwood wins face-off versus Scott Gomez in Blackhawks zone.
3:00 of 1st period - Jonathan Sigalet is hit by Rick Nash and loses puck.
3:36 of 1st period - Penalty to Stephen Weiss is over, Stephen Weiss is back on ice.
4:07 of 1st period - Snap shot by Gabriel Bourque.
4:07 of 1st period - Stopped by Braden Holtby without a rebound.
4:08 of 1st period - Erik Christensen wins face-off versus Jonathan Matsumoto in Panthers zone.
4:19 of 1st period - Snap shot by Erik Christensen.
4:19 of 1st period - Stopped by Braden Holtby with a rebound.
4:21 of 1st period - Wrist shot by Brandon Yip.
4:21 of 1st period - Shot Misses the Net.
4:33 of 1st period - Chris Kreider is hit by Marek Svatos and loses puck.
4:55 of 1st period - Snap shot by Kyle Clifford.
4:55 of 1st period - Shot Blocked by Mike Green.
4:57 of 1st period - Snap shot by Kyle Clifford.
4:57 of 1st period - Deflect By Chad Larose.
4:57 of 1st period - Stopped by Jimmy Howard with a rebound.
4:59 of 1st period - Snap shot by Jonathan Sigalet.
4:59 of 1st period - Deflect By John Carlson.
4:59 of 1st period - Goal by Jonathan Sigalet - Blackhawks : 0 - Panthers : 1.
5:00 of 1st period - Matt Duchene wins face-off versus Derick Brassard in neutral zone.
5:07 of 1st period - Snap shot by Derick Brassard.
5:07 of 1st period - Deflect By Rick Nash.
5:07 of 1st period - Stopped by Braden Holtby with a rebound.
5:17 of 1st period - Snap shot by Matt Duchene.
5:17 of 1st period - Shot Misses the Net.
5:27 of 1st period - Brandon Gormley is hit by Antoine Roussel and loses puck.
6:15 of 1st period - Wrist shot by Patrick Eaves.
6:15 of 1st period - Shot Misses the Net.
6:17 of 1st period - Slapshot by Erik Gudbranson.
6:17 of 1st period - Stopped by Jimmy Howard without a rebound.
6:18 of 1st period - Matt Duchene wins face-off versus Derick Brassard in Blackhawks zone.
7:06 of 1st period - Wrist shot by Stephen Weiss.
7:06 of 1st period - Stopped by Jimmy Howard with a rebound.
7:08 of 1st period - Wrist shot by Chad Larose.
7:08 of 1st period - Deflect By Kyle Clifford.
7:08 of 1st period - Stopped by Jimmy Howard without a rebound.
7:09 of 1st period - Stephen Weiss wins face-off versus Scott Gomez in Blackhawks zone.
7:38 of 1st period - Slapshot by Drew Stafford.
7:38 of 1st period - Stopped by Jimmy Howard with a rebound.
7:52 of 1st period - Wrist shot by Antoine Roussel.
7:52 of 1st period - Deflect By Scott Gomez.
7:52 of 1st period - Shot Misses the Net.
7:52 of 1st period - Puck is out of play.
7:53 of 1st period - Jonathan Matsumoto wins face-off versus Derick Brassard in Panthers zone.
8:39 of 1st period - Gabriel Bourque is hit by Chad Larose and loses puck.
8:46 of 1st period - Matt Irwin is hit by Gabriel Bourque and loses puck.
9:05 of 1st period - Snap shot by Antoine Roussel.
9:05 of 1st period - Shot Misses the Net.
9:15 of 1st period - Snap shot by David Booth.
9:15 of 1st period - Goal by David Booth - Blackhawks : 0 - Panthers : 2.
9:16 of 1st period - Matt Duchene wins face-off versus Derick Brassard in neutral zone.
9:19 of 1st period - Slapshot by Erik Gudbranson.
9:19 of 1st period - Shot Misses the Net.
9:21 of 1st period - Snap shot by Alex Galchenyuk.
9:21 of 1st period - Stopped by Jimmy Howard with a rebound.
9:23 of 1st period - Slapshot by Matt Duchene.
9:23 of 1st period - Shot Misses the Net.
9:25 of 1st period - Snap shot by Marek Svatos.
9:25 of 1st period - Shot Blocked by John Carlson.
9:27 of 1st period - Slapshot by Jonathan Sigalet.
9:27 of 1st period - Deflect By Matt Duchene.
9:27 of 1st period - Stopped by Jimmy Howard without a rebound.
9:28 of 1st period - Derick Brassard wins face-off versus Stephen Weiss in Blackhawks zone.
9:28 of 1st period - Derick Brassard is hit by Chad Larose.
9:40 of 1st period - Snap shot by Rick Nash.
9:40 of 1st period - Shot Misses the Net.
9:54 of 1st period - John Carlson is hit by Erik Gudbranson and loses puck.
10:00 of 1st period - Off-side.
10:01 of 1st period - Matt Duchene wins face-off versus Chris Kreider in neutral zone.
10:08 of 1st period - Wrist shot by Chris Kreider.
10:08 of 1st period - Shot Misses the Net.
10:10 of 1st period - Wrist shot by Rick Nash.
10:10 of 1st period - Stopped by Braden Holtby with a rebound.
10:14 of 1st period - Wrist shot by Derick Brassard.
10:14 of 1st period - Stopped by Braden Holtby with a rebound.
10:16 of 1st period - Snap shot by Chris Kreider.
10:16 of 1st period - Stopped by Braden Holtby with a rebound.
11:16 of 1st period - Wrist shot by Kyle Wellwood.
11:16 of 1st period - Stopped by Jimmy Howard without a rebound.
11:17 of 1st period - Matt Duchene wins face-off versus Derick Brassard in Blackhawks zone.
11:20 of 1st period - Wrist shot by Matt Duchene.
11:20 of 1st period - Shot Misses the Net.
11:22 of 1st period - Slapshot by Jonathan Sigalet.
11:22 of 1st period - Shot Misses the Net.
11:28 of 1st period - Snap shot by Matt Duchene.
11:28 of 1st period - Stopped by Jimmy Howard without a rebound.
11:29 of 1st period - Matt Duchene wins face-off versus Derick Brassard in Blackhawks zone.
11:33 of 1st period - Minor Penalty to Mike Green for Slashing.
11:34 of 1st period - Matt Duchene wins face-off versus Chris Kreider in Blackhawks zone.
12:00 of 1st period - Tyler Cuma is hit by Stephen Weiss.
13:33 of 1st period - Penalty to Mike Green is over, Mike Green is back on ice.
13:44 of 1st period - Wrist shot by Derick Brassard.
13:44 of 1st period - Stopped by Braden Holtby with a rebound.
13:46 of 1st period - Snap shot by Mike Green.
13:46 of 1st period - Shot Blocked by Jonathan Sigalet.
14:39 of 1st period - Steve Montador is hit by Scott Gomez and loses puck.
14:54 of 1st period - Steve Montador is hit by Matthew Spiller and loses puck.
14:55 of 1st period - Steve Montador from Panthers is injured at 14:55 of 1st period (Head).
14:56 of 1st period - Matt Duchene wins face-off versus Chris Kreider in Panthers zone.
15:01 of 1st period - Slapshot by Erik Gudbranson.
15:01 of 1st period - Deflect By John Carlson.
15:01 of 1st period - Stopped by Jimmy Howard without a rebound.
15:02 of 1st period - Matt Duchene wins face-off versus Chris Kreider in Blackhawks zone.
15:13 of 1st period - Erik Gudbranson is hit by Chris Kreider and loses puck.
15:30 of 1st period - Wrist shot by Chris Kreider.
15:30 of 1st period - Stopped by Braden Holtby with a rebound.
16:06 of 1st period - Snap shot by Alex Galchenyuk.
16:06 of 1st period - Shot Blocked by John Carlson.
16:08 of 1st period - Wrist shot by Marek Svatos.
16:08 of 1st period - Shot Blocked by John Carlson.
16:10 of 1st period - Slapshot by Erik Gudbranson.
16:10 of 1st period - Stopped by Jimmy Howard with a rebound.
16:20 of 1st period - Slapshot by Matt Duchene.
16:20 of 1st period - Stopped by Jimmy Howard with a rebound.
16:24 of 1st period - Snap shot by Marek Svatos.
16:24 of 1st period - Shot Misses the Net.
16:26 of 1st period - Wrist shot by Alex Galchenyuk.
16:26 of 1st period - Stopped by Jimmy Howard without a rebound.
16:27 of 1st period - Stephen Weiss wins face-off versus Scott Gomez in Blackhawks zone.
17:50 of 1st period - Snap shot by Antoine Roussel.
17:50 of 1st period - Shot Misses the Net.
17:52 of 1st period - Slapshot by Justin Falk.
17:52 of 1st period - Deflect By Kyle Clifford.
17:52 of 1st period - Stopped by Braden Holtby with a rebound.
17:54 of 1st period - Slapshot by John Carlson.
17:54 of 1st period - Stopped by Braden Holtby with a rebound.
17:56 of 1st period - Snap shot by Bobby Ryan.
17:56 of 1st period - Shot Misses the Net.
17:58 of 1st period - Slapshot by Matthew Spiller.
17:58 of 1st period - Stopped by Braden Holtby with a rebound.
18:00 of 1st period - Slapshot by John Carlson.
18:00 of 1st period - Stopped by Braden Holtby without a rebound.
18:01 of 1st period - Erik Christensen wins face-off versus Kyle Wellwood in Panthers zone.
18:02 of 1st period - Wrist shot by Tomas Fleischmann.
18:02 of 1st period - Stopped by Braden Holtby with a rebound.
18:35 of 1st period - Slapshot by John Carlson.
18:35 of 1st period - Deflect By David Jones.
18:35 of 1st period - Stopped by Braden Holtby with a rebound.
19:29 of 1st period - Slapshot by Seth Jones.
19:29 of 1st period - Deflect By Gabriel Bourque.
19:29 of 1st period - Stopped by Braden Holtby without a rebound.
19:30 of 1st period - Matt Duchene wins face-off versus Derick Brassard in Panthers zone.
19:32 of 1st period - Minor Penalty to Matt Irwin for Holding.
19:33 of 1st period - Derick Brassard wins face-off versus Kyle Wellwood in Panthers zone.
Goals for this period are 0 for Blackhawks vs 2 for Panthers.
Shots for this period are 15 for Blackhawks vs 17 for Panthers.
2nd period
0:01 of 2nd period - Kyle Wellwood wins face-off versus Derick Brassard in neutral zone.
1:19 of 2nd period - Rick Nash is hit by Chad Larose and loses puck.
1:32 of 2nd period - Penalty to Matt Irwin is over, Matt Irwin is back on ice.
2:04 of 2nd period - Wrist shot by Tomas Fleischmann.
2:04 of 2nd period - Stopped by Braden Holtby without a rebound.
2:05 of 2nd period - Jonathan Matsumoto wins face-off versus Erik Christensen in Panthers zone.
2:07 of 2nd period - Minor Penalty to Daniel Paille for Hooking.
2:08 of 2nd period - Derick Brassard wins face-off versus Chad Larose in Panthers zone.
2:44 of 2nd period - Wrist shot by Antoine Roussel.
2:44 of 2nd period - Goal by Antoine Roussel - Blackhawks : 1 - Panthers : 2.
2:45 of 2nd period - Matt Duchene wins face-off versus Derick Brassard in neutral zone.
2:50 of 2nd period - Wrist shot by Jonathan Sigalet.
2:50 of 2nd period - Stopped by Jimmy Howard with a rebound.
3:16 of 2nd period - Slapshot by Scott Gomez.
3:16 of 2nd period - Stopped by Braden Holtby with a rebound.
4:22 of 2nd period - Snap shot by Kyle Clifford.
4:22 of 2nd period - Stopped by Jimmy Howard without a rebound.
4:23 of 2nd period - Stephen Weiss wins face-off versus Derick Brassard in Blackhawks zone.
4:24 of 2nd period - Snap shot by Kyle Clifford.
4:24 of 2nd period - Shot Misses the Net.
4:56 of 2nd period - John Carlson is hit by Erik Gudbranson and loses puck.
5:13 of 2nd period - Brandon Gormley is hit by Erik Christensen and loses puck.
5:22 of 2nd period - Slapshot by Brandon Yip.
5:22 of 2nd period - Shot Misses the Net.
5:50 of 2nd period - Minor Penalty to Gabriel Bourque for Hooking.
5:51 of 2nd period - Matt Duchene wins face-off versus Scott Gomez in Blackhawks zone.
5:54 of 2nd period - Snap shot by Matt Duchene.
5:54 of 2nd period - Shot Misses the Net.
7:31 of 2nd period - Icing by Brandon Gormley.
7:32 of 2nd period - Brandon Yip wins face-off versus Matt Duchene in Panthers zone.
7:50 of 2nd period - Penalty to Gabriel Bourque is over, Gabriel Bourque is back on ice.
8:16 of 2nd period - Off-side.
8:17 of 2nd period - Brandon Yip wins face-off versus Kyle Wellwood in neutral zone.
8:30 of 2nd period - Wrist shot by Tomas Fleischmann.
8:30 of 2nd period - Deflect By Brandon Yip.
8:30 of 2nd period - Shot Blocked by Drew Stafford.
8:30 of 2nd period - Puck is out of play.
8:31 of 2nd period - Derick Brassard wins face-off versus Alex Galchenyuk in Panthers zone.
8:44 of 2nd period - Wrist shot by Chris Kreider.
8:44 of 2nd period - Shot Blocked by Marek Svatos.
8:58 of 2nd period - Kyle Clifford is hit by Scott Gomez and loses puck.
9:25 of 2nd period - Snap shot by Michael Latta.
9:25 of 2nd period - Stopped by Braden Holtby without a rebound.
9:26 of 2nd period - Kyle Wellwood wins face-off versus Michael Latta in Panthers zone.
9:41 of 2nd period - Slapshot by Gabriel Bourque.
9:41 of 2nd period - Stopped by Braden Holtby without a rebound.
9:42 of 2nd period - Derick Brassard wins face-off versus Matt Duchene in Panthers zone.
9:59 of 2nd period - Wrist shot by Rick Nash.
9:59 of 2nd period - Stopped by Braden Holtby with a rebound.
11:20 of 2nd period - Wrist shot by Seth Jones.
11:20 of 2nd period - Stopped by Braden Holtby with a rebound.
11:22 of 2nd period - Slapshot by Seth Jones.
11:22 of 2nd period - Shot Blocked by Marek Svatos.
11:24 of 2nd period - Wrist shot by David Jones.
11:24 of 2nd period - Stopped by Braden Holtby without a rebound.
11:25 of 2nd period - Matt Duchene wins face-off versus Scott Gomez in Panthers zone.
11:30 of 2nd period - Snap shot by Matt Duchene.
11:30 of 2nd period - Stopped by Jimmy Howard with a rebound.
12:14 of 2nd period - Wrist shot by David Booth.
12:14 of 2nd period - Deflect By Drew Stafford.
12:14 of 2nd period - Goal by Drew Stafford - Blackhawks : 1 - Panthers : 3.
12:15 of 2nd period - Matt Duchene wins face-off versus Derick Brassard in neutral zone.
12:38 of 2nd period - Minor Penalty to Matt Irwin for Hooking.
12:39 of 2nd period - Kyle Wellwood wins face-off versus Derick Brassard in Panthers zone.
13:18 of 2nd period - Slapshot by John Carlson.
13:18 of 2nd period - Shot Blocked by Jonathan Sigalet.
13:20 of 2nd period - Slapshot by John Carlson.
13:20 of 2nd period - Stopped by Braden Holtby with a rebound.
13:22 of 2nd period - Wrist shot by Antoine Roussel.
13:22 of 2nd period - Stopped by Braden Holtby with a rebound.
14:36 of 2nd period - Tyler Cuma is hit by Jonathan Matsumoto and loses puck.
14:38 of 2nd period - Penalty to Matt Irwin is over, Matt Irwin is back on ice.
14:51 of 2nd period - Jonathan Sigalet is hit by Michael Latta and loses puck.
15:10 of 2nd period - Mike Green is hit by Daniel Paille and loses puck.
15:54 of 2nd period - Off-side.
15:55 of 2nd period - Scott Gomez wins face-off versus Matt Duchene in neutral zone.
15:58 of 2nd period - Marek Svatos is hit by Justin Falk and loses puck.
16:34 of 2nd period - Brandon Gormley is hit by David Jones and loses puck.
16:56 of 2nd period - Snap shot by Kyle Clifford.
16:56 of 2nd period - Stopped by Jimmy Howard without a rebound.
16:57 of 2nd period - Erik Christensen wins face-off versus Kyle Wellwood in Blackhawks zone.
17:11 of 2nd period - Minor Penalty to John Carlson for Holding Stick.
17:12 of 2nd period - Matt Duchene wins face-off versus Scott Gomez in Blackhawks zone.
17:21 of 2nd period - Snap shot by Matt Duchene.
17:21 of 2nd period - Shot Misses the Net.
17:23 of 2nd period - Snap shot by Matt Duchene.
17:23 of 2nd period - Goal by Matt Duchene - Blackhawks : 1 - Panthers : 4.
17:24 of 2nd period - Matt Duchene wins face-off versus Derick Brassard in neutral zone.
17:27 of 2nd period - Derick Brassard is hit by Matt Duchene and loses puck.
17:34 of 2nd period - Marek Svatos is hit by Rick Nash and loses puck.
18:11 of 2nd period - Minor Penalty to Erik Christensen for Hooking.
18:12 of 2nd period - Chris Kreider wins face-off versus Matt Duchene in Blackhawks zone.
19:51 of 2nd period - Stephen Weiss is hit by Matthew Spiller and loses puck.
Goals for this period are 1 for Blackhawks vs 2 for Panthers.
Shots for this period are 10 for Blackhawks vs 6 for Panthers.
3rd period
0:01 of 3rd period - Matt Duchene wins face-off versus Scott Gomez in neutral zone.
0:11 of 3rd period - Penalty to Erik Christensen is over, Erik Christensen is back on ice.
0:57 of 3rd period - Wrist shot by Tomas Fleischmann.
0:57 of 3rd period - Shot Misses the Net.
1:16 of 3rd period - Off-side.
1:17 of 3rd period - Matt Duchene wins face-off versus Scott Gomez in neutral zone.
2:27 of 3rd period - Snap shot by Michael Latta.
2:27 of 3rd period - Stopped by Braden Holtby with a rebound.
2:29 of 3rd period - Slapshot by Tyler Cuma.
2:29 of 3rd period - Shot Misses the Net.
2:49 of 3rd period - Matthew Spiller is hit by Alex Galchenyuk and loses puck.
3:17 of 3rd period - Off-side.
3:18 of 3rd period - Derick Brassard wins face-off versus Stephen Weiss in neutral zone.
3:31 of 3rd period - Snap shot by Derick Brassard.
3:31 of 3rd period - Stopped by Braden Holtby with a rebound.
3:33 of 3rd period - Wrist shot by Chris Kreider.
3:33 of 3rd period - Shot Misses the Net.
3:35 of 3rd period - Slapshot by John Carlson.
3:35 of 3rd period - Stopped by Braden Holtby without a rebound.
3:36 of 3rd period - Marek Svatos wins face-off versus Scott Gomez in Panthers zone.
3:45 of 3rd period - Slapshot by John Carlson.
3:45 of 3rd period - Shot Hit the Post.
3:47 of 3rd period - Snap shot by Mike Green.
3:47 of 3rd period - Shot Blocked by Alex Galchenyuk.
4:23 of 3rd period - Slapshot by Matt Irwin.
4:23 of 3rd period - Shot Blocked by Tomas Fleischmann.
4:25 of 3rd period - Snap shot by Kyle Wellwood.
4:25 of 3rd period - Stopped by Jimmy Howard without a rebound.
4:26 of 3rd period - Erik Christensen wins face-off versus Kyle Wellwood in Blackhawks zone.
5:22 of 3rd period - Snap shot by Stephen Weiss.
5:22 of 3rd period - Deflect By Chad Larose.
5:22 of 3rd period - Shot Misses the Net.
5:22 of 3rd period - Puck is out of play.
5:23 of 3rd period - Stephen Weiss wins face-off versus Derick Brassard in Blackhawks zone.
5:26 of 3rd period - Wrist shot by Stephen Weiss.
5:26 of 3rd period - Shot Misses the Net.
5:28 of 3rd period - Wrist shot by Kyle Clifford.
5:28 of 3rd period - Shot Misses the Net.
5:30 of 3rd period - Snap shot by Chad Larose.
5:30 of 3rd period - Shot Misses the Net.
5:32 of 3rd period - Wrist shot by Kyle Clifford.
5:32 of 3rd period - Goal by Kyle Clifford - Blackhawks : 1 - Panthers : 5.
5:33 of 3rd period - Matt Duchene wins face-off versus Derick Brassard in neutral zone.
6:09 of 3rd period - Mike Green is hit by Kyle Clifford and loses puck.
6:26 of 3rd period - Snap shot by Erik Christensen.
6:26 of 3rd period - Shot Misses the Net.
6:28 of 3rd period - Slapshot by Brandon Yip.
6:28 of 3rd period - Shot Misses the Net.
6:30 of 3rd period - Snap shot by Brandon Yip.
6:30 of 3rd period - Stopped by Braden Holtby without a rebound.
6:31 of 3rd period - Matt Duchene wins face-off versus Derick Brassard in Panthers zone.
7:15 of 3rd period - Icing by Jonathan Sigalet.
7:16 of 3rd period - Kyle Wellwood wins face-off versus Erik Christensen in Panthers zone.
7:16 of 3rd period - Kyle Wellwood is hit by Seth Jones.
7:32 of 3rd period - Snap shot by Brandon Yip.
7:32 of 3rd period - Shot Blocked by Kyle Wellwood.
7:53 of 3rd period - Snap shot by Matt Duchene.
7:53 of 3rd period - Stopped by Jimmy Howard with a rebound.
7:55 of 3rd period - Snap shot by Matt Duchene.
7:55 of 3rd period - Deflect By Alex Galchenyuk.
7:55 of 3rd period - Shot Blocked by Justin Falk.
7:55 of 3rd period - Puck is out of play.
7:56 of 3rd period - Stephen Weiss wins face-off versus Scott Gomez in Blackhawks zone.
8:35 of 3rd period - Snap shot by Alex Galchenyuk.
8:35 of 3rd period - Stopped by Jimmy Howard without a rebound.
8:36 of 3rd period - Kyle Wellwood wins face-off versus Scott Gomez in Blackhawks zone.
9:09 of 3rd period - Slapshot by Erik Gudbranson.
9:09 of 3rd period - Shot Blocked by Tyler Cuma.
9:11 of 3rd period - Slapshot by Erik Gudbranson.
9:11 of 3rd period - Shot Misses the Net.
9:13 of 3rd period - Slapshot by Jonathan Sigalet.
9:13 of 3rd period - Shot Blocked by Matthew Spiller.
9:15 of 3rd period - Snap shot by Matt Duchene.
9:15 of 3rd period - Stopped by Jimmy Howard with a rebound.
9:58 of 3rd period - Wrist shot by David Jones.
9:58 of 3rd period - Shot Misses the Net.
10:00 of 3rd period - Wrist shot by David Jones.
10:00 of 3rd period - Shot Misses the Net.
11:01 of 3rd period - Wrist shot by Stephen Weiss.
11:01 of 3rd period - Shot Blocked by Justin Falk.
11:46 of 3rd period - Slapshot by Justin Falk.
11:46 of 3rd period - Shot Misses the Net.
11:48 of 3rd period - Backhand shot by David Jones.
11:48 of 3rd period - Stopped by Braden Holtby with a rebound.
11:52 of 3rd period - Slapshot by Seth Jones.
11:52 of 3rd period - Shot Blocked by Erik Gudbranson.
11:54 of 3rd period - Snap shot by Justin Falk.
11:54 of 3rd period - Stopped by Braden Holtby without a rebound.
11:55 of 3rd period - Matt Duchene wins face-off versus Derick Brassard in Panthers zone.
11:55 of 3rd period - Matt Duchene is hit by Chris Kreider.
12:46 of 3rd period - Tomas Fleischmann is hit by Chad Larose and loses puck.
12:53 of 3rd period - Chad Larose is hit by Tyler Cuma and loses puck.
13:04 of 3rd period - Chris Kreider is hit by Matt Duchene and loses puck.
13:37 of 3rd period - Wrist shot by Michael Latta.
13:37 of 3rd period - Shot Blocked by Patrick Eaves.
13:39 of 3rd period - Snap shot by Gabriel Bourque.
13:39 of 3rd period - Shot Misses the Net.
13:41 of 3rd period - Slapshot by Tyler Cuma.
13:41 of 3rd period - Shot Misses the Net.
13:43 of 3rd period - Wrist shot by Matthew Spiller.
13:43 of 3rd period - Stopped by Braden Holtby with a rebound.
13:45 of 3rd period - Slapshot by Justin Falk.
13:45 of 3rd period - Shot Misses the Net.
13:55 of 3rd period - Snap shot by Patrick Eaves.
13:55 of 3rd period - Shot Blocked by Justin Falk.
13:57 of 3rd period - Slapshot by Drew Stafford.
13:57 of 3rd period - Shot Misses the Net.
13:59 of 3rd period - Wrist shot by Kyle Wellwood.
13:59 of 3rd period - Stopped by Jimmy Howard with a rebound.
14:01 of 3rd period - Wrist shot by David Booth.
14:01 of 3rd period - Shot Blocked by Seth Jones.
14:03 of 3rd period - Snap shot by Drew Stafford.
14:03 of 3rd period - Shot Misses the Net.
14:05 of 3rd period - Wrist shot by David Booth.
14:05 of 3rd period - Deflect By Drew Stafford.
14:05 of 3rd period - Stopped by Jimmy Howard without a rebound.
14:06 of 3rd period - Derick Brassard wins face-off versus Matt Duchene in Blackhawks zone.
14:06 of 3rd period - Derick Brassard is hit by Erik Gudbranson.
14:12 of 3rd period - Erik Gudbranson is hit by Chris Kreider and loses puck.
14:33 of 3rd period - Matthew Spiller is hit by Stephen Weiss and loses puck.
15:03 of 3rd period - Mike Green is hit by David Booth and loses puck.
15:26 of 3rd period - John Carlson is hit by Matt Irwin and loses puck.
16:48 of 3rd period - Derick Brassard is hit by Jonathan Matsumoto and loses puck.
16:57 of 3rd period - Wrist shot by Patrick Eaves.
16:57 of 3rd period - Stopped by Jimmy Howard with a rebound.
17:51 of 3rd period - Slapshot by Patrick Eaves.
17:51 of 3rd period - Shot Blocked by Derick Brassard.
18:07 of 3rd period - Wrist shot by Chris Kreider.
18:07 of 3rd period - Stopped by Braden Holtby with a rebound.
18:09 of 3rd period - Slapshot by Justin Falk.
18:09 of 3rd period - Stopped by Braden Holtby without a rebound.
18:10 of 3rd period - Scott Gomez wins face-off versus Alex Galchenyuk in Panthers zone.
18:11 of 3rd period - Slapshot by Antoine Roussel.
18:11 of 3rd period - Shot Blocked by Matt Irwin.
18:11 of 3rd period - Matt Irwin from Panthers is injured at 18:11 of 3rd period (Right Eye).
18:12 of 3rd period - Chris Kreider wins face-off versus Matt Duchene in Panthers zone.
18:23 of 3rd period - Snap shot by Alex Galchenyuk.
18:23 of 3rd period - Shot Blocked by Mike Green.
18:27 of 3rd period - Snap shot by Matt Duchene.
18:27 of 3rd period - Stopped by Jimmy Howard without a rebound.
18:28 of 3rd period - Stephen Weiss wins face-off versus Scott Gomez in Blackhawks zone.
18:45 of 3rd period - Snap shot by Bobby Ryan.
18:45 of 3rd period - Shot Misses the Net.
19:16 of 3rd period - Icing by Derick Brassard.
19:17 of 3rd period - Derick Brassard wins face-off versus Kyle Wellwood in Blackhawks zone.
19:48 of 3rd period - Wrist shot by Matt Duchene.
19:48 of 3rd period - Shot Misses the Net.
19:50 of 3rd period - Snap shot by Alex Galchenyuk.
19:50 of 3rd period - Stopped by Jimmy Howard with a rebound.
19:52 of 3rd period - Wrist shot by Marek Svatos.
19:52 of 3rd period - Stopped by Jimmy Howard without a rebound.
19:53 of 3rd period - Matt Duchene wins face-off versus Derick Brassard in Blackhawks zone.
19:58 of 3rd period - Snap shot by Marek Svatos.
19:58 of 3rd period - Shot Misses the Net.
Goals for this period are 0 for Blackhawks vs 1 for Panthers.
Shots for this period are 9 for Blackhawks vs 11 for Panthers.
Back to the Top